 Dungeon Crawl Stone Soup version 0.21.1-1-g345015fe64 (webtiles) character file.

1185 Gargoyl the Skirmisher (level 8, -10/68 HPs)
             Began as a Centaur Abyssal Knight on Apr 10, 2018.
             Was a Believer of Lugonu.
             Mangled by an orc warrior
             ... wielding a +0 trident
              (11 damage)
             ... on level 6 of the Dungeon.
             The game lasted 00:09:38 (5759 turns).

Gargoyl the Skirmisher (Centaur Abyssal Knight)     Turns: 5759, Time: 00:09:38

Health: -10/68     AC: 14    Str: 15    XL:     8   Next: 19%
Magic:  7/11       EV:  2    Int: 11    God:    Lugonu [**....]
Gold:   407        SH:  0    Dex: 11    Spells: 7/7 levels left

rFire    . . .     SeeInvis .   a - +2 hand axe (chop)
rCold    . . .     Gourm    .   (no shield)
rNeg     . . .     Faith    .   l - +0 plate armour
rPois    .         Spirit   .   k - +0 helmet
rElec    .         Reflect  .   (no cloak)
rCorr    .         Harm     .   o - +0 pair of gloves
MR       .....     Clarity  +   (no barding)
Stlth    ..........             (no amulet)
HPRegen  0.21/turn              (no ring)
MPRegen  0.12/turn              (no ring)

@: very quick
A: large, hooves 3, yellow scales 1, clarity, deformed body, speed 2, tough skin
3
a: Depart the Abyss, Bend Space, Renounce Religion


You were on level 6 of the Dungeon.
You worshipped Lugonu.
Lugonu was pleased with you.
You were not hungry.

You visited 1 branch of the dungeon, and saw 6 of its levels.
You visited the Abyss 1 time.

You collected 407 gold pieces.

Inventory:

Hand Weapons
 a - a +2 hand axe of chopping (weapon)
Missiles
 d - 4 tomahawks (quivered)
Armour
 k - a +0 helmet (worn)
 l - a +0 plate armour (worn)
 o - a +0 pair of gloves (worn)
Scrolls
 e - 4 scrolls of fear
 i - a scroll of teleportation
 j - 3 scrolls of remove curse
 m - 3 scrolls of identify
 p - a scroll of blinking
Potions
 b - 2 potions of ambrosia
 g - 3 potions of curing
 n - a potion of resistance
Books
 h - a book of Minor Magic

   Spells                             Type                      Level
   a - Magic Dart                     Conjuration                  1
   b - Blink                          Translocation                2
   c - Call Imp                       Summoning                    2
   d - Slow                           Hexes                        2
   e - Conjure Flame                  Conjuration/Fire             3
   f - Mephitic Cloud                 Conjuration/Poison/Air       3
Comestibles
 c - 8 rations
 q - 2 chunks of flesh


   Skills:
 + Level 5.2 Fighting
 + Level 4.9 Axes
 + Level 0.1 Throwing
 * Level 4.6 Armour
 + Level 1.0 Dodging
 * Level 4.4 Invocations


You had 7 spell levels left.
You didn't know any spells.

Dungeon Overview and Level Annotations

Branches:
Dungeon (6/15)             Temple (0/1) D:5

Altars:
Hepliaklqana
Kikubaaqudgha
Makhleb
Xom
Zin


Innate Abilities, Weirdness & Mutations

You have hooves in place of feet.
Armour fits poorly on your strangely shaped body.
You cover ground very quickly.
You have extremely tough skin. (AC +3)
You are partially covered in yellow scales. (AC +2)
You possess an exceptional clarity of mind.


Message History

You hit the orc warrior but do no damage.
You kick the orc warrior, but do no damage.
The orc warrior is lightly wounded.
The orc warrior completely misses you.
Your plate armour prevents you from hitting the orc warrior.
You kick the orc warrior, but do no damage.
The orc warrior is lightly wounded.
The orc warrior hits you with a trident!!
* * * LOW HITPOINT WARNING * * *
You hear a shout!
Unknown command.
Press: ? - help, Shift-Dir - straight line, f - orc warrior
Aim: an orc warrior, wielding a trident and wearing a plate armour (lightly wounded, chance to defeat MR: 83%)
Okay, then.
Press: ? - help, Shift-Dir - straight line, f - orc warrior
Aim: an orc warrior, wielding a trident and wearing a plate armour (lightly wounded, chance to defeat MR: 83%)
The orc warrior barely resists.
You feel somewhat more hungry.
You can no longer banish your foes.
The orc warrior hits you with a trident!
You die... #### oo#

#o# #@# #.#
#.####.#####
#..........#
######.###.#
#..<.....#
#.#......#
#.#......#
#.#......#


You could see an orc warrior and 2 orcs.

Vanquished Creatures
  Eustachio (D:4)
  The ghost of Oravi the Insei, an amateur MfTm (D:4)
  An orc warrior (D:4)
  A phantom (D:4)
  An ogre (D:4)
  A centaur (D:5)
  A scorpion (D:5)
  A howler monkey (D:4)
  A bullfrog zombie (D:5)
  2 jellies
  Crazy Yiuf (D:3)
  2 centaur skeletons (D:5)
  Jessica (D:2)
  2 iguanas
  A hound zombie (D:5)
  10 adders
  3 gnolls (D:3)
  An adder zombie (D:3)
  3 worms
  A dart slug (D:1)
  4 leopard geckos
  13 orcs
  3 bats
  4 giant cockroaches
  9 goblins
  11 hobgoblins
  7 jackals
  6 kobolds
  3 frilled lizards
  A leopard gecko skeleton (D:5)
  A leopard gecko zombie (D:5)
  3 rats
101 creatures vanquished.

Notes
Turn   | Place    | Note
-------+----------+-------------------------------------------
     0 | Abyss:1  | Gargoyl the Centaur Abyssal Knight began the quest for the Orb.
     0 | Abyss:1  | Reached XP level 1. HP: 19/19 MP: 2/2
    73 | Abyss:1  | Found a corrupted altar of Lugonu.
   140 | Abyss:1  | Noticed an efreet
   195 | Abyss:2  | Noticed a cyan very ugly thing
   195 | Abyss:2  | Noticed a cyan ugly thing
   196 | Abyss:2  | Noticed a cyan very ugly thing
   196 | D:1      | Escaped the Abyss
   283 | D:1      | Reached XP level 2. HP: 18/26 MP: 3/3
   504 | D:1      | Reached * piety under Lugonu
   791 | D:1      | Reached XP level 3. HP: 31/31 MP: 4/4
  1139 | D:2      | Reached XP level 4. HP: 40/40 MP: 5/5
  1319 | D:2      | Reached skill level 4 in Fighting
  1738 | D:2      | Noticed Jessica
  1744 | D:2      | Killed Jessica
  1938 | D:3      | Reached ** piety under Lugonu
  2046 | D:3      | Found a burning altar of Makhleb.
  2054 | D:3      | Reached XP level 5. HP: 46/46 MP: 6/6
  2062 | D:3      | Found a glowing silver altar of Zin.
  2062 | D:3      | Noticed an angel
  2063 | D:3      | Noticed a blizzard demon
  2215 | D:3      | Found a runed door.
  2540 | D:3      | Noticed Crazy Yiuf
  2839 | D:2      | Gained mutation: Your muscles are strong. (Str +2) [potion of mutation]
  2839 | D:2      | Gained mutation: Your muscles are very strong. (Str +4) [potion of mutation]
  2840 | D:2      | Lost mutation: Your muscles are very strong. (Str +4) [potion of mutation]
  2840 | D:2      | Lost mutation: Your muscles are strong. (Str +2) [potion of mutation]
  2840 | D:2      | Gained mutation: You possess an exceptional clarity of mind. [potion of mutation]
  2840 | D:2      | Gained mutation: You are partially covered in yellow scales. (AC +2) [potion of mutation]
  2849 | D:3      | Killed Crazy Yiuf
  2849 | D:3      | Reached skill level 1 in Dodging
  3262 | D:4      | Found an ancient bone altar of Kikubaaqudgha.
  3266 | D:4      | Reached XP level 6. HP: 45/52 MP: 8/8
  3417 | D:4      | Noticed an orc warrior
  3683 | D:4      | Killed an orc warrior
  4114 | D:4      | Noticed Oravi's ghost (amateur MfTm)
  4117 | D:4      | Reached XP level 7. HP: 60/60 MP: 9/9
  4128 | D:4      | Killed Oravi's ghost
  4190 | D:4      | Noticed Eustachio
  4240 | D:4      | Killed Eustachio
  4550 | D:4      | Found a hazy altar of Hepliaklqana.
  4551 | D:4      | Found a shimmering altar of Xom.
  4552 | D:4      | Noticed a spectral ugly thing
  4809 | D:5      | Entered Level 5 of the Dungeon
  4918 | D:5      | Reached XP level 8. HP: 35/67 MP: 11/11
  4924 | D:5      | Reached skill level 5 in Fighting
  5204 | D:5      | Found a staircase to the Ecumenical Temple.
  5557 | D:5      | Reached *** piety under Lugonu
  5758 | D:6      | HP: 1/68 [orc warrior/trident (18)]
  5759 | D:6      | Mangled by an orc warrior

Skill      XL: |  1  2  3  4  5  6  7  8 |
---------------+-------------------------+-----
Axes           | 2 3 4 |  4.9
Armour         | 2 3 4 |  4.6
Fighting       | 4 5 |  5.2
Dodging        | 1 |  1.0
Invocations    | 3 4 |  4.4
Throwing       | |  0.1

Action                   |  1- 3 |  4- 6 |  7- 9 || total
-------------------------+-------+-------+-------++-------
Melee: Hand axe          |    68 |   154 |   117 ||   339
       Kick              |    10 |    39 |    25 ||    74
Throw: Tomahawk          |       |       |     3 ||     3
Invok: Depart the Abyss  |     1 |       |       ||     1
       Banish            |       |       |     1 ||     1
  Use: Scroll            |     4 |     7 |     2 ||    13
       Potion            |       |     6 |       ||     6
  Eat: Chunk             |       |     3 |     3 ||     6
       Ration            |       |     2 |       ||     2
Armor: Ring mail         |    34 |    10 |       ||    44
       Plate armour      |       |    77 |   115 ||   192
Dodge: Dodged            |    52 |    23 |    20 ||    95
